 Dungeon Crawl Stone Soup version 0.30-a0-672-gc3a7216ad8 (webtiles) character file.

Game seed: 10533348266368583947

3518 wormed the Transmogrifier (level 10, -5/78 HPs)
             Began as an Octopode Transmuter on Jan 18, 2023.
             Killed from afar by a steam dragon (37 damage)
             ... with a ball of steam
             ... on level 8 of the Dungeon.
             The game lasted 00:11:14 (9351 turns).

wormed the Transmogrifier (Octopode Transmuter)     Turns: 9351, Time: 00:11:15

Health: -5/78      AC:  9    Str:  9    XL:     10   Next: 8%
Magic:  0/18       EV: 11    Int: 26    God:
Gold:   468        SH:  0    Dex: 13    Spells: 13/20 levels left

rFire   x . .      SeeInvis .      - Unarmed
rCold   + + +      Faith    .    (shield currently unavailable)
rNeg    . . .      Spirit   +    (helmet currently unavailable)
rPois   +          Reflect  .    m - amulet of guardian spirit
rElec   .          Harm     .    i - +6 ring of intelligence
rCorr   .          Rampage  .    (no ring)
Will    .....                    (no ring)
Stlth   +                        (no ring)
HPRegen 0.33/turn                (no ring)
MPRegen 0.16/turn                (no ring)
                                 (no ring)
                                 (no ring)

@: ice-form, wereblooded
A: freezing attack, boosted hp, almost no armour, amphibious, 8 rings, large,
(camouflage 1), (gelatinous body 1), (nimble swimmer 1), (tentacles)
a: End Transformation


You were on level 8 of the Dungeon.
You were a creature of crystalline ice.
You visited 2 branches of the dungeon, and saw 9 of its levels.

You collected 468 gold pieces.

Inventory:

Missiles
 q - a throwing net
Jewellery
 i - a +6 ring of intelligence (left front paw)
 m - an amulet of guardian spirit (around neck)
 t - a ring of protection from fire
Wands
 e - a wand of polymorph (6)
 f - a wand of flame (55) (quivered)
 r - a wand of iceblast (10)
Scrolls
 j - 8 scrolls of identify
 k - 2 scrolls of fog
 l - 4 scrolls of enchant armour
 n - a scroll of blinking
 o - a scroll of torment {unknown}
 s - a scroll of enchant weapon
Potions
 a - 2 potions of lignification
 b - a potion of flight
 c - a potion of curing
 d - 4 potions of magic
 g - a potion of mutation {unknown}
 h - 3 potions of brilliance
 p - 2 potions of resistance {unknown}


   Skills:
 + Level 4.8 Fighting
 + Level 5.2 Dodging
 + Level 5.5 Unarmed Combat
 + Level 5.8 Spellcasting
 * Level 8.9 Transmutations
 - Level 4.0 Ice Magic


You had 13 spell levels left.
You knew the following spells:

 Your Spells              Type           Power      Damage    Failure   Level
a - Ice Form              Ice/Tmut       41%        N/A       4%          4
b - Wereblood             Tmut           52%        N/A       1%          2
c - Beastly Appendage     Tmut           100%       N/A       1%          1

Your spell library contained the following spells:

 Spells                   Type           Power      Damage    Failure   Level
 Freeze                   Ice            100%       1d10      1%          1
 Passwall                 Tmut/Erth      25%        N/A       1%          2
 Spider Form              Tmut/Pois      30%        N/A       3%          3
 Ensorcelled Hibernation  Hex/Ice        34%        N/A       4%          2
 Frozen Ramparts          Ice            56%        1d9       4%          3
 Blade Hands              Tmut           26%        N/A       4%          5
 Apportation              Tloc           14%        N/A       7%          1
 Necrotise                Necr           28%        1d5       7%          1
 Sandblast                Erth           14%        2d6       7%          1
 Summon Small Mammal      Summ           28%        N/A       7%          1
 Hailstorm                Conj/Ice       17%        3d6       10%         3
 Sublimation of Blood     Necr           7%         N/A       11%         2
 Stone Arrow              Conj/Erth      14%        3d7       22%         3
 Swiftness                Air            7%         N/A       22%         3
 Irradiate                Conj/Tmut      15%        3d16      30%         5
 Passage of Golubria      Tloc           7%         N/A       56%         4
 Dragon Form              Tmut           26%        N/A       83%         7
 Silence                  Hex/Air        3%         N/A       89%         5
 Summon Hydra             Summ           3%         N/A       100%        7
 Lehudib's Crystal Spear  Conj/Erth      3%         10d3      100%        8


Dungeon Overview and Level Annotations

Branches:
Dungeon (8/15)             Temple (1/1) D:5
   Lair: D:8-11

Altars:
Ashenzari
Cheibriados
Dithmenos
Elyvilon
Fedhas
Hepliaklqana
Kikubaaqudgha
Makhleb
Nemelex Xobeh
Okawaru
Qazlal
Sif Muna
Trog
Uskayaw
Vehumet
Wu Jian
Xom
Yredelemnul
Zin
The Shining One

Annotations:
D:7 1 runed translucent door


Innate Abilities, Weirdness & Mutations

You are a creature of crystalline ice.
You have a powerful freezing melee attack.
Your maximum health is increased.
Your armour is entirely melded.
You are incapable of wielding weapons or throwing items.
You cannot wear most types of armour.
You are amphibious.
You can wear up to eight rings at the same time.
((Your skin changes colour to match your surroundings (Stealth+).))
((Your rubbery body absorbs attacks. (AC +1, EV +1)))
((You are camouflaged when in or above water. (Stealth+)))
((You have tentacles for arms and can constrict up to eight enemies at once.))


Message History

Your primal bloodlust has ended.
Magic restored.
Done exploring.
Casting: Wereblood (safe; 1% risk of failure)
Confirm with . or Enter, or press ? or * to list all spells.
You turn into a creature of crystalline ice.
Casting: Ice Form (dangerous; 4% risk of failure)
Confirm with . or Enter, or press ? or * to list all spells.
Your blood is infused with primal strength.
You climb downwards.
There is a stone staircase leading up here.
You see here a potion of flight.
The orc shouts!
The orc closely misses you.
You punch the orc! You freeze the orc.
You kill the orc!
You howl as the wereblood boils in your veins!
You punch the orc! You freeze the orc.
You kill the orc!
The gnoll shouts!
The steam dragon hisses angrily.
The gnoll sergeant misses you. The steam dragon breathes steam at you.
The ball of steam hits you!! The steam scalds you terribly!
You hit the gnoll sergeant. You freeze the gnoll sergeant.
The gnoll sergeant is lightly wounded.
You are engulfed in a cloud of scalding steam.
You punch the gnoll sergeant! You freeze the gnoll sergeant.
The gnoll sergeant is heavily wounded.
The gnoll sergeant hits you with a +0 spear.
You hit the gnoll sergeant. You freeze the gnoll sergeant.
The gnoll sergeant is severely wounded.
The gnoll sergeant hits you but does no damage.
You punch the gnoll sergeant! You freeze the gnoll sergeant.
You feel a bit better.
You kill the gnoll sergeant!
The steam dragon breathes steam at you. The ball of steam hits you!!
The steam scalds you terribly! The steam dragon breathes steam at you.
The ball of steam hits you!!! The steam scalds you terribly!
You die...

#. ##.# .yy.
######..###########.
...y
..........<...<.....
....
..........![......##
##..
......$..§Y).[......
....
.......§§..§§.....##
###.
#.$.....§D§.§§§)§....#
##...
#..........g.........#
#....
#......................
.....
#.....$.))...#####.###
.#... ##.......^...##
... .....
##.....#...#### ..
..... #........#. .....


You could see a gnoll.

Vanquished Creatures
  Pikel (D:5)
  Grinder (D:5)
  Eustachio (D:5)
  A wyvern (D:6)
  Menkaure (D:4)
  A water moccasin (D:5)
  An ice beast (D:6)
  A sky beast (D:6)
  An orc warrior (D:6)
  A centaur (D:7)
  An ogre (D:4)
  2 phantoms
  A lemure (D:5)
  Blork the orc (D:5)
  A scorpion (D:7)
  A gnoll sergeant (D:8)
  5 wights (D:7)
  12 killer bees
  4 hounds
  2 jellies
  3 orc priests
  Crazy Yiuf (D:4)
  An iron imp (D:6)
  Natasha (thrice) (D:4)
  3 iguanas
  4 orc wizards
  3 gnolls
  4 adders
  2 shadow imps
  2 white imps (D:7)
  2 worms (D:3)
  3 dart slugs
  36 orcs
  5 ball pythons
  5 bats
  2 endoplasms
  4 giant cockroaches
  7 hobgoblins
  A quokka (D:5)
  3 frilled lizards
  7 goblins
  A jackal zombie (D:7)
  3 kobolds
  A kobold skeleton (D:7)
  3 rats
149 creatures vanquished.

Vanquished Creatures (others)
  An orc wizard (D:8)
  2 orcs (D:8)
3 creatures vanquished.

Grand Total: 152 creatures vanquished

Notes
Turn   | Place    | Note
-------+----------+-------------------------------------------
     0 | D:1      | wormed the Octopode Transmuter began the quest for the Orb.
     0 | D:1      | Reached XP level 1. HP: 13/13 MP: 3/3
   149 | D:1      | Reached XP level 2. HP: 18/18 MP: 3/5
   203 | D:1      | Learned a level 2 spell: Wereblood
   778 | D:1      | Found a faded altar of an unknown god.
   797 | D:1      | You fall into a shaft and drop 1 floor!
   805 | D:2      | Reached skill level 1 in Ice Magic
   816 | D:2      | Reached XP level 3. HP: 23/23 MP: 6/6
   861 | D:2      | Identified the +2 robe "Muisel" {Will+ Dex+3}
  1825 | D:3      | Reached skill level 3 in Transmutations
  2250 | D:3      | Reached XP level 4. HP: 24/28 MP: 4/8
  2255 | D:3      | Learned a level 4 spell: Ice Form
  2837 | D:3      | Reached XP level 5. HP: 33/33 MP: 5/9
  3087 | D:4      | Noticed Natasha
  3093 | D:4      | Killed Natasha
  3094 | D:4      | Reached skill level 4 in Transmutations
  3441 | D:4      | Noticed a phantom
  3450 | D:4      | Killed a phantom
  3451 | D:4      | Reached XP level 6. HP: 38/38 MP: 2/10
  3647 | D:4      | Reached skill level 5 in Transmutations
  3647 | D:4      | HP: 2/57 [poisoned by a killer bee]
  3796 | D:4      | Found an ornate altar of the Wu Jian Council.
  3858 | D:4      | Noticed Menkaure
  3872 | D:4      | Killed Menkaure
  3873 | D:4      | Reached XP level 7. HP: 7/43 MP: 6/12
  4188 | D:4      | Noticed Natasha
  4195 | D:4      | Killed Natasha
  4280 | D:4      | Found a runed translucent door.
  4281 | D:4      | Noticed Crazy Yiuf
  4428 | D:4      | Found a glowing golden altar of the Shining One.
  4759 | D:4      | Killed Crazy Yiuf
  4930 | D:5      | Entered Level 5 of the Dungeon
  4957 | D:5      | Noticed Pikel
  5059 | D:4      | Noticed Natasha
  5066 | D:4      | Killed Natasha
  5085 | D:4      | Reached skill level 6 in Transmutations
  5133 | D:5      | Noticed Grinder
  5136 | D:5      | Paralysed by Grinder for 4 turns
  5151 | D:5      | Killed Grinder
  5152 | D:5      | Reached XP level 8. HP: 48/50 MP: 5/14
  5241 | D:5      | Noticed Blork the orc
  5251 | D:5      | Killed Blork the orc
  5352 | D:5      | Found an ancient bone altar of Kikubaaqudgha.
  5588 | D:5      | Noticed Eustachio
  5600 | D:5      | Killed Eustachio
  5716 | D:5      | Found a staircase to the Ecumenical Temple.
  5729 | Temple   | Entered the Ecumenical Temple
  5979 | D:5      | Killed Pikel
  5980 | D:5      | Reached skill level 5 in Spellcasting
  5980 | D:5      | Reached skill level 7 in Transmutations
  5980 | D:5      | Reached XP level 9. HP: 24/57 MP: 5/16
  7155 | D:6      | Found a snail-covered altar of Cheibriados.
  7347 | D:6      | Reached skill level 8 in Transmutations
  7746 | D:7      | Reached skill level 5 in Unarmed Combat
  8372 | D:7      | Found a runed translucent door.
  8382 | D:7      | Found a basalt altar of Yredelemnul.
  8870 | D:7      | Reached skill level 5 in Dodging
  8877 | D:7      | Reached XP level 10. HP: 31/65 MP: 6/18
  9103 | D:8      | Noticed a two-headed ogre
  9351 | D:8      | Killed from afar by a steam dragon

Illustrated notes

Levels and vault maps discovered:
D:1:      minmay_arrival_four_circles, layout_basic, basic_ecumenical_altar
D:2:      layout_basic, minivault_5
D:3:      layout_rooms, minmay_ruptured
D:4:      layout_loops_ring, general_overflow_altar,
          mainiacjoe_overflow_tiny_flanked, roderic_serpentine_path,
          uniq_natasha, uniq_crazy_yiuf_cottage, uniq_menkaure
D:5:      layout_rooms, nicolae_overflow_crystal_walls,
          minmay_temple_entry_waves, uniq_blork_the_orc, uniq_grinder,
          uniq_eustachio, uniq_pikel
D:6:      layout_basic, slow_altar_2, nrook_loot_triangle
D:7:      layout_loops_ring, dk_yredelemnul_ordeal
D:8:      layout_rooms
Temple:   regret_index_temple_generic_petals

Skill      XL: |  1  2  3  4  5  6  7  8  9 |
---------------+----------------------------+-----
Ice Magic      | 1 2 3 4 |  4.0
Transmutations | 3 4 5 6 7 8 |  8.9
Spellcasting   | 3 4 5 |  5.8
Fighting       | 2 3 4 |  4.8
Dodging        | 4 5 |  5.2
Unarmed Combat | 4 5 |  5.5

Action                   |  1- 3 |  4- 6 |  7- 9 | 10-12 || total
-------------------------+-------+-------+-------+-------++-------
Melee: Unarmed           |    86 |    87 |   251 |    40 ||   464
       Tentacles         |    18 |       |     1 |       ||    19
       Constrict         |    26 |     1 |     1 |       ||    28
       Kick              |    11 |     1 |       |       ||    12
       Punch             |     5 |       |       |       ||     5
 Cast: Beastly Appendage |    22 |     1 |       |       ||    23
       Wereblood         |     8 |     8 |    26 |     4 ||    46
       Ice Form          |       |    16 |    34 |     4 ||    54
Evoke: Wand              |       |       |     2 |       ||     2
  Use: Scroll            |     7 |       |     6 |     1 ||    14
       Potion            |       |     4 |     1 |       ||     5
 Stab: Sleeping          |     6 |       |       |       ||     6
Armor: Skin              |     3 |    32 |   104 |    24 ||   163
Dodge: Dodged            |    58 |    46 |   135 |    43 ||   282

Table legend: (Time is in decaauts)
 A = Elapsed time spent in this place.
 B = Non-inter-level travel time spent in this place.
 C = Inter-level travel time spent in this place.
 D = Time resting spent in this place.
 E = Time spent auto-exploring this place.
 F = Levels seen in this place.
 G = Mean time per level.
                   A        B        C        D        E       F      G
               +--------+--------+--------+--------+--------+-----+--------+
         Total |   9335 |   8733 |    602 |    157 |   7267 |   9 | 1037.2 |
       Dungeon |   9103 |   8524 |    579 |    157 |   7067 |   8 | 1137.9 |
        Temple |    231 |    208 |     23 |      0 |    200 |   1 |  231.0 |
               +--------+--------+--------+--------+--------+-----+--------+

Top non-repeatable levels by time:
     D:4: 2118 daAuts
     D:7: 1625 daAuts
     D:6: 1119 daAuts
     D:5: 1095 daAuts
     D:2: 1019 daAuts
     D:1: 980 daAuts
     D:3: 954 daAuts
  Temple: 231 daAuts
     D:8: 190 daAuts
